 Dungeon Crawl Stone Soup version 0.32-a0-834-geaf45d8e21 (webtiles) character file.

Game seed: 8495348891097019577

11899 javelincjr the Fighter (level 11, -3/87 HPs)
             Began as a Demonspawn Warper on Mar 25, 2024.
             Was a Believer of Makhleb.
             Slain by a red ugly thing (8 damage)
             ... on level 10 of the Dungeon.
             The game lasted 00:44:59 (10263 turns).

javelincjr the Fighter (Demonspawn Warper)         Turns: 10263, Time: 00:45:00

Health: -3/87      AC:  5    Str: 16    XL:     11   Next: 55%
Magic:  20/22      EV: 16    Int: 22    God:    Makhleb [**....]
Gold:   272        SH:  0    Dex: 27    Spells: 11/25 levels left

rFire   . . .        a - +5 glaive (pain)
rCold   . . .        (shield currently unavailable)
rNeg    . . .        B - +0 leather armour of Yvoic {Will++ Int-2 Dex+7}
rPois   .            G - +2 hat
rElec   .            (no cloak)
rCorr   +            (no gloves)
SInv    .            (no boots)
Will    ++...        N - amulet "Marakoan" {^Contam RegenMP+ rCorr Dex+2 Stlth+}
Stlth   ++           x - +6 ring of dexterity
HPRegen 0.34/turn    u - +6 ring of intelligence
MPRegen 0.58/turn

%: no passive effects
@: confused, ambrosia-drunk, fugue
A: hooves 1, spiny 3, big brain 2
a: Renounce Religion, Minor Destruction


You were on level 10 of the Dungeon.
You worshipped Makhleb.
Makhleb was pleased with you.
You visited 1 branch of the dungeon, and saw 10 of its levels.
You also visited: Bailey.

You collected 868 gold pieces.
You spent 596 gold pieces at shops.

Inventory:

Hand Weapons
 a - a +5 glaive of pain (weapon)
 b - a +2 shortbow of freezing
 R - a +6 battleaxe
Missiles
 d - 7 darts of dispersal
 e - 5 atropa-tipped darts
 g - 10 javelins
 n - 20 boomerangs
 E - 10 poisoned darts
 V - a curare-tipped dart
Armour
 A - a +2 ring mail of positive energy
 B - the +0 leather armour of Yvoic (worn) {Will++ Int-2 Dex+7}
   (You found it on level 6 of the Dungeon)

   Int-2:     It affects your intelligence (-2).
   Dex+7:     It affects your dexterity (+7).
   Will++:    It greatly increases your willpower.
 F - +2 swamp dragon scales
 G - a +2 hat (worn)
 I - a +0 leather armour of cold resistance
Jewellery
 p - a ring of willpower
 u - a +6 ring of intelligence (right hand)
 x - a +6 ring of dexterity (left hand)
 y - a ring of protection from fire
 N - the amulet "Marakoan" (around neck) {^Contam RegenMP+ rCorr Dex+2 Stlth+}
   (You bought it in a shop on level 7 of the Dungeon)

   [amulet of magic regeneration]

   It increases your rate of magic regeneration.
   Dex+2:     It affects your dexterity (+2).
   ^Contam:   It causes magical contamination when unequipped.
   rCorr:     It protects you from acid and corrosion.
   Stlth+:    It makes you more stealthy.
   RegenMP+:  It increases your rate of magic regeneration.
 T - the amulet "Cugequit" {Faith rPois rF+ rN+ Str-4}
   (You found it in a bailey)

   [amulet of faith]

   Faith:     It allows you to gain divine favour quickly.
   Str-4:     It affects your strength (-4).
   rF+:       It protects you from fire.
   rPois:     It protects you from poison.
   rN+:       It protects you from negative energy.
 U - a +4 ring of protection
 X - a ring of flight
Wands
 i - a wand of roots (15)
 l - a wand of paralysis (15)
 H - a wand of mindburst (19)
 L - a wand of flame (18)
Scrolls
 h - a scroll of butterflies {unknown}
 k - 3 scrolls of vulnerability {unknown}
 r - 2 scrolls of enchant armour
 s - a scroll of fear {unknown}
 J - a scroll of poison {unknown}
 M - a scroll of teleportation {unknown}
 O - a scroll of revelation {unknown}
 P - a scroll of brand weapon {unknown}
 Q - 2 scrolls of fog
 S - a scroll of acquirement
Potions
 c - a potion of resistance
 f - 2 potions of mutation {unknown}
 j - a potion of degeneration {unknown}
 m - 2 potions of curing
 o - a potion of haste
 q - 3 potions of might
 t - 3 potions of cancellation
 v - 2 potions of attraction {unknown}
 w - 2 potions of lignification
 z - a potion of magic {unknown}
 C - 3 potions of brilliance
 D - 2 potions of enlightenment
 K - a potion of berserk rage {unknown}


   Skills:
 * Level 8.4 Fighting
 + Level 5.9 Polearms
 - Level 1.1 Throwing
 + Level 5.6 Armour
 + Level 5.8 Dodging
 - Level 2.4 Shields
 * Level 7.7 Spellcasting
 + Level 6.4 Necromancy
 + Level 6.1 Translocations
 + Level 5.6 Invocations


You had 11 spell levels left.
You knew the following spells:

 Your Spells              Type           Power      Damage    Failure   Level
a - Blink                 Tloc           70%        N/A       1%          2
b - Lesser Beckoning      Tloc           70%        N/A       1%          2
c - Teleport Other        Tloc           35%        N/A       2%          3
d - Fugue of the Fallen   Necr           36%        N/A       1%          3
e - Manifold Assault      Tloc           35%        N/A       7%          4

Your spell library contained the following spells:

 Spells                   Type           Power      Damage    Failure   Level
 Apportation              Tloc           70%        N/A       1%          1
 Necrotise                Necr           100%       1d9       1%          1
 Vampiric Draining        Necr           36%        2d8       1%          3
 Freeze                   Ice            32%        1d5       9%          1
 Sandblast                Erth           16%        2d6       9%          1
 Jinxbite                 Hex            16%        N/A       14%         2
 Curse of Agony           Necr           36%        N/A       19%         5
 Martyr's Knell           Necr/Summ      22%        N/A       24%         4
 Frozen Ramparts          Ice            16%        1d3       26%         3
 Hailstorm                Conj/Ice       8%         3d5       26%         3
 Ozocubu's Armour         Ice            8%         N/A       26%         3
 Passwall                 Erth           8%         N/A       26%         3
 Vhi's Electric Charge    Tloc/Air       44%        N/A       26%         4
 Ignite Poison            Fire/Alch      8%         N/A       65%         4
 Sticky Flame             Fire/Alch      8%         2d4       65%         4
 Alistair's Intoxication  Alch           5%         N/A       94%         5
 Fireball                 Conj/Fire      4%         3d4       94%         5
 Ignition                 Fire           4%         3d4       100%        8


Dungeon Overview and Level Annotations

Branches:
Dungeon (10/15)            Temple (0/1) D:7             Orc (0/2) D:9
 Bailey (visited)
   Lair: D:8-11

Altars:
Ashenzari
Cheibriados
Dithmenos
Gozag
Kikubaaqudgha
Makhleb
Nemelex Xobeh
Trog
Uskayaw
Wu Jian
Xom
Yredelemnul

Shops:
D:1 [   D:7 =*[   D:9 ?!*


Innate Abilities, Weirdness & Mutations

You have large cloven feet.
You are completely covered in sharp spines.
You have an extremely huge brain. (Int +4)


Message History

The slime creature quivers.
Your kick misses the red ugly thing.
The red ugly thing is moderately wounded.
The red ugly thing completely misses you.
Space momentarily warps into an impossible shape!
You slash the centaur!
The centaur writhes in agony.
You hit the red ugly thing.
The red ugly thing writhes in agony.
You slash the slime creature!
The slime creature writhes in agony.
The centaur shoots an arrow.
The arrow hits you! The red ugly thing barely misses you.
A deep elf pyromancer comes into view. It is wielding a +3 dagger.
Space momentarily warps into an impossible shape!
You barely miss the centaur.
The deep elf pyromancer shouts!
You slash the deep elf pyromancer!
The deep elf pyromancer writhes in agony.
You closely miss the red ugly thing. The red ugly thing headbutts you!
You are engulfed in flames!!
* * * LOW HITPOINT WARNING * * *
The centaur unwields a +0 shortbow.
The centaur hits you.
* * * LOW HITPOINT WARNING * * *
The centaur barely misses you.
The slime creature is struck by your spines.
The slime creature hits you but does no damage.
The red ugly thing is struck by your spines.
The red ugly thing headbutts you but does no damage.
The centaur wields a +0 shortbow.
The centaur shoots an arrow.
The arrow hits you.
* * * LOW HITPOINT WARNING * * *
The red ugly thing attacks as it pursues you!
The red ugly thing headbutts you.
* * * LOW HITPOINT WARNING * * *
You are engulfed in flames!
* * * LOW HITPOINT WARNING * * *
You are confused.
You feel invigorated.
The wailing of tortured souls fills the air!
The centaur shoots an arrow.
The arrow misses you. The red ugly thing headbutts you!
You die...

......###........#
...###......###...#### ..
... #........#........
#.} #%.#..#.)#..#.....
#.⌠. ####..#######...#.
#.).# #..#..#..#..#.....
...... #........#......#.
...e..###......###.......
##..OJ@.###........#.#.
#....u.†.#........##...
#..#.c#..#..#....## ...
## #..#######....# ###
#..# #..#.# .... ...#.#
..... ....#.# ...###
........ .... ...### #


You could see a red ugly thing, a slime creature, a two-headed ogre, a deep elf
pyromancer and a centaur.

Vanquished Creatures
  An orc warlord (Bailey)
  2 catoblepae (D:9)
  2 two-headed ogres
  2 orc knights (Bailey)
  Pikel (D:8)
  Joseph (D:8)
  Maggie (D:7)
  An unseen horror (D:10)
  2 trolls (D:10)
  2 hornets
  A shadow (D:10)
  A vampire (D:9)
  A wyvern (D:9)
  A wraith (D:10)
  Eustachio (D:6)
  8 yaks
  A steam dragon (D:9)
  2 water moccasins
  4 orc warriors
  2 black bears
  A sky beast (D:7)
  4 ogres
  4 lemures (D:8)
  2 centaurs
  A phantom (D:4)
  A kobold brigand (D:9)
  2 bullfrogs
  3 scorpions
  7 wights
  7 killer bees (D:9)
  8 howler monkeys
  2 bombardier beetles
  3 hounds
  3 orc priests (D:5)
  3 jellies
  3 sleepcaps
  A gnoll bouda (D:5)
  6 iguanas
  3 orc wizards
  13 gnolls
  5 adders
  2 white imps
  4 ufetubi (D:5)
  3 dart slugs
  A ribbon worm (D:3)
  27 orcs
  An endoplasm (D:4)
  4 giant cockroaches
  11 hobgoblins
  7 jackals
  17 kobolds
  3 quokkas
  7 ball pythons
  6 bats
  3 frilled lizards
  12 goblins
  6 rats
233 creatures vanquished.

Notes
Turn   | Place    | Note
-------+----------+-------------------------------------------
     0 | D:1      | javelincjr the Demonspawn Warper began the quest for the
                  | Orb.
     0 | D:1      | Reached XP level 1. HP: 16/16 MP: 3/3
   324 | D:1      | Reached skill level 1 in Throwing
   474 | D:1      | Reached skill level 1 in Armour
   557 | D:1      | Gained mutation: You are partially covered in sharp spines.
                  | [demonic ancestry]
   557 | D:1      | Reached XP level 2. HP: 22/22 MP: 5/5
   693 | D:1      | Found Zakhlug's Armour Boutique.
  1187 | D:2      | Gained mutation: You have an unusually large brain. (Int
                  | +2) [demonic ancestry]
  1187 | D:2      | Reached XP level 3. HP: 27/27 MP: 6/6
  1444 | D:2      | Found a snail-covered altar of Cheibriados.
  1716 | D:3      | Reached XP level 4. HP: 9/34 MP: 7/7
  1726 | D:3      | Identified 2 scrolls of acquirement
  1726 | D:3      | Acquired a +5 glaive of pain
  1963 | D:3      | Reached skill level 1 in Shields
  2063 | D:3      | Found a hide-covered altar of Uskayaw.
  2183 | D:3      | Found a basalt altar of Yredelemnul.
  2187 | D:3      | Learned a level 2 spell: Blink
  2190 | D:3      | Learned a level 2 spell: Lesser Beckoning
  2331 | D:3      | Acquired a +2 shortbow of freezing
  2342 | D:4      | Gained mutation: You have large cloven feet. [demonic
                  | ancestry]
  2342 | D:4      | Reached XP level 5. HP: 39/39 MP: 8/8
  2406 | D:4      | Reached skill level 1 in Necromancy
  2596 | D:4      | Noticed an ogre
  2620 | D:4      | Killed an ogre
  2621 | D:4      | Reached skill level 3 in Fighting
  2621 | D:4      | Reached XP level 6. HP: 33/47 MP: 6/10
  2910 | D:4      | Learned a level 3 spell: Teleport Other
  3199 | D:5      | Entered Level 5 of the Dungeon
  3206 | D:5      | Gained mutation: You are mostly covered in sharp spines.
                  | [demonic ancestry]
  3206 | D:5      | Reached XP level 7. HP: 43/52 MP: 11/11
  3733 | D:5      | HP: 1/52 [ogre/+0 giant spiked club (22)]
  3939 | D:5      | Found an opulent altar of Gozag.
  4089 | D:5      | Learned a level 3 spell: Fugue of the Fallen
  4158 | D:5      | Gained mutation: You are completely covered in sharp
                  | spines. [demonic ancestry]
  4158 | D:5      | Reached XP level 8. HP: 60/60 MP: 13/13
  4225 | D:5      | Reached skill level 4 in Fighting
  4889 | D:6      | Found a sparkling altar of Nemelex Xobeh.
  4946 | D:6      | Identified the +0 leather armour of Yvoic {Will++ Int-2
                  | Dex+7}
  4960 | D:6      | Noticed Eustachio
  4993 | D:6      | Killed Eustachio
  5462 | D:7      | Found Tiloasy's Jewellery Shoppe.
  5473 | D:7      | Found an ancient bone altar of Kikubaaqudgha.
  5473 | D:7      | Found a burning altar of Makhleb.
  5483 | D:7      | Found a shadowy altar of Dithmenos.
  5486 | D:7      | Became a worshipper of Makhleb the Destroyer
  5490 | D:7      | Found a shimmering altar of Xom.
  5498 | D:7      | Found a bloodstained altar of Trog.
  5710 | D:7      | Reached skill level 5 in Fighting
  5713 | D:7      | Found a staircase to the Ecumenical Temple.
  5733 | D:7      | Found Usyfuf's General Store.
  5737 | D:7      | Found an ornate altar of the Wu Jian Council.
  5741 | D:7      | Bought a scroll of enchant armour for 90 gold pieces
  5741 | D:7      | Noticed Maggie
  5751 | D:7      | Killed Maggie
  5752 | D:7      | Reached XP level 9. HP: 61/68 MP: 14/16
  5798 | D:7      | Found Odicy's Antique Armour Boutique.
  5981 | D:7      | Found a broken altar of Ashenzari.
  6298 | D:8      | Reached skill level 5 in Spellcasting
  6298 | D:8      | Reached skill level 1 in Invocations
  6524 | D:8      | Noticed Joseph
  6539 | D:8      | Killed Joseph
  7068 | D:8      | Noticed Pikel
  7080 | D:8      | Killed Pikel
  7081 | D:8      | Reached skill level 6 in Fighting
  7081 | D:8      | Reached skill level 5 in Translocations
  7193 | D:8      | Paralysed by a hornet for 3 turns
  7519 | D:7      | Bought the amulet "Marakoan" {^Contam RegenMP+ rCorr Dex+2
                  | Stlth+} for 440 gold pieces
  7598 | D:9      | Paralysed by a hornet for 1 turns
  7601 | D:9      | Reached XP level 10. HP: 48/77 MP: 18/18
  7621 | D:9      | Found a flagged portal.
  7699 | Bailey   | Entered a bailey
  7707 | Bailey   | Reached * piety under Makhleb
  7739 | Bailey   | Noticed an orc warlord
  7784 | Bailey   | Noticed an orc knight
  7795 | Bailey   | Noticed an orc knight
  7815 | Bailey   | HP: 2/77 [orc knight/+0 war axe (36)]
  7836 | Bailey   | Killed an orc knight
  7837 | Bailey   | Reached skill level 5 in Necromancy
  7873 | Bailey   | Killed an orc knight
  7874 | Bailey   | Reached skill level 5 in Polearms
  8127 | Bailey   | Found a runed translucent gate.
  8130 | Bailey   | Found a runed translucent gate.
  8135 | Bailey   | Found a runed translucent gate.
  8203 | Bailey   | Killed an orc warlord
  8203 | Bailey   | HP: 3/77 [orc warrior/+0 hand axe (15)]
  8204 | Bailey   | Reached skill level 7 in Fighting
  8204 | Bailey   | Reached skill level 5 in Dodging
  8368 | Bailey   | Got Jodwauci's Handbook of Lapidarian Ashes
  8380 | Bailey   | Identified the amulet "Cugequit" {Faith rPois rF+ rN+
                  | Str-4}
  8533 | D:9      | Noticed a two-headed ogre
  8541 | D:9      | Killed a two-headed ogre
  8542 | D:9      | Reached skill level 5 in Armour
  8562 | D:9      | Noticed a catoblepas
  8772 | D:9      | Noticed a catoblepas
  8778 | D:9      | Found Vosef's Assorted Antiques.
  8797 | D:9      | Killed a catoblepas
  8971 | D:9      | Bought a scroll labelled CAOSOM ILAIXU for 35 gold pieces
  8971 | D:9      | Bought a sapphire potion for 31 gold pieces
  8997 | D:9      | Gained mutation: You have an extremely huge brain. (Int +4)
                  | [demonic ancestry]
  8997 | D:9      | Reached XP level 11. HP: 66/84 MP: 21/21
  9027 | D:9      | Learned a level 4 spell: Manifold Assault
  9039 | D:9      | Killed a catoblepas
  9267 | D:9      | Found a staircase to the Orcish Mines.
  9342 | D:9      | Found Wuenk's Magic Scroll Emporium.
  9349 | D:9      | Reached ** piety under Makhleb
  9364 | D:9      | Reached skill level 5 in Invocations
  9372 | D:9      | Reached skill level 8 in Fighting
  9483 | D:9      | Found Raing's Distillery.
  9833 | D:10     | Entered Level 10 of the Dungeon
  9874 | D:10     | Noticed a two-headed ogre
  9879 | D:10     | Killed a two-headed ogre
 10243 | D:10     | Noticed a red ugly thing
 10257 | D:10     | Noticed a two-headed ogre
 10260 | D:10     | Noticed a deep elf pyromancer
 10262 | D:10     | HP: 1/87 [red ugly thing (16)]
 10263 | D:10     | Slain by a red ugly thing

Illustrated notes

Levels and vault maps discovered:
D:1:      dpeg_arrival_castle, layout_loops_corners, serial_shops,
          nicolae_shop_scrapyard
D:2:      layout_basic, basic_altar
D:3:      layout_basic, nicolae_uskayaw_murder_on_the_dancefloor,
          kennysheep_ying_yang
D:4:      layout_cave_pools, serial_column_ruins, column_ruins_columns_straight,
          column_ruins_corridor_corner, column_ruins_corridor_corner,
          column_ruins_open_small, dreamdust_princess_corridor
D:5:      layout_cave_pools, grunt_gozag_statues
D:6:      layout_loops_cross, mainiacjoe_overflow_cross_hatched, corexii_shack,
          sigmund_army, uniq_eustachio
D:7:      layout_cave_pods, lemuel_round_altar, mainiacjoe_overflow_brackets,
          nicolae_overflow_hallway_of_the_gods,
          minmay_temple_entry_from_below_a, serial_shops, shop, shop, shop,
          uniq_maggie
D:8:      layout_gridville, uniq_joseph, uniq_pikel
D:9:      cheibrodos_fzero, layout_basic, enter_bailey_3, serial_shops,
          nicolae_shop_tiny_real_fake_doors, kennysheep_little_box, shop_statue
D:10:     hangedman_cross_cluster, layout_loops_ring,
          due_lair_maze_entry_diamond, serial_co_window_serial,
          co_window_corner_a, co_window_corner_a, co_window_paths_b,
          co_window_corner_a, co_window_corner_a, co_window_corner_b,
          co_window_broadway_b, co_window_corner_b, co_window_paths_c,
          glass_columns_a, glass_columns_b, nicolae_trove_entry_isolated

Skill      XL: |  1  2  3  4  5  6  7  8  9 10 11 |
---------------+----------------------------------+-----
Throwing       | 1 |  1.1
Armour         | 1 2 3 4 5 |  5.6
Polearms       | 2 3 4 5 |  5.9
Dodging        | 2 3 4 5 |  5.8
Translocations | 3 4 5 6 |  6.1
Shields        | 1 2 |  2.4
Necromancy     | 1 2 3 4 5 6 |  6.4
Fighting       | 3 5 6 7 8 |  8.4
Spellcasting   | 3 4 5 7 |  7.7
Invocations    | 3 4 5 |  5.6

Action                     |  1- 3 |  4- 6 |  7- 9 | 10-12 || total
---------------------------+-------+-------+-------+-------++-------
  Melee: Spear             |   114 |       |       |       ||   114
         Glaive            |       |    38 |   145 |   142 ||   325
         Kick              |       |     3 |    39 |    37 ||    79
   Fire: Shortbow          |       |    58 |    38 |    44 ||   140
  Throw: Javelin           |     2 |       |     1 |       ||     3
   Cast: Blink             |       |     3 |     2 |     2 ||     7
         Lesser Beckoning  |       |       |     2 |       ||     2
         Manifold Assault  |       |       |       |     6 ||     6
         Fugue of the Fall |       |       |       |     2 ||     2
  Evoke: Wand              |       |       |       |     7 ||     7
    Use: Potion            |     1 |     1 |     1 |     5 ||     8
         Scroll            |       |     7 |     1 |     7 ||    15
   Stab: Sleeping          |     1 |     1 |     2 |     3 ||     7
         Distracted        |       |     1 |       |       ||     1
         Paralysed         |       |       |       |     7 ||     7
 Armour: Leather armour    |    55 |    31 |    75 |    77 ||   238
         Ring mail         |       |       |    13 |       ||    13
  Dodge: Dodged            |    37 |    43 |   103 |    70 ||   253
  Block: Buckler           |     5 |       |       |       ||     5

Table legend: (Time is in decaauts)
 A = Elapsed time spent in this place.
 B = Non-inter-level travel time spent in this place.
 C = Inter-level travel time spent in this place.
 D = Time resting spent in this place.
 E = Time spent auto-exploring this place.
 F = Levels seen in this place.
 G = Mean time per level.
                   A        B        C        D        E       F      G
               +--------+--------+--------+--------+--------+-----+--------+
         Total |  10482 |  10074 |    408 |   1124 |   6786 |  11 |  952.9 |
       Dungeon |   9672 |   9264 |    408 |    887 |   6596 |  10 |  967.2 |
        Bailey |    809 |    809 |      0 |    237 |    190 |   1 |  809.0 |
               +--------+--------+--------+--------+--------+-----+--------+

Top non-repeatable levels by time:
     D:9: 1500 daAuts
     D:8: 1342 daAuts
     D:5: 1238 daAuts
     D:1: 1064 daAuts
     D:7: 1012 daAuts
     D:6: 883 daAuts
  Bailey: 809 daAuts
     D:4: 773 daAuts
     D:3: 764 daAuts
     D:2: 645 daAuts
    D:10: 448 daAuts
